 Dungeon Crawl Stone Soup version 0.30-a0-586-g23e55c9e0a (webtiles) character file.

Game seed: 5582917257176581369

2 flotson the Sneak (level 1, 0/18 HPs)
             Began as a Demonspawn Delver on Jan 3, 2023.
             Slain by a kobold
             ... wielding a +0 whip
              (4 damage)
             ... on level 5 of the Dungeon.
             The game lasted 00:00:21 (35 turns).

flotson the Sneak (Demonspawn Delver)                 Turns: 35, Time: 00:00:22

Health: 0/18       AC:  3    Str: 12    XL:     1   Next: 25%
Magic:  1/1        EV: 11    Int: 11    God:
Gold:   0          SH:  0    Dex: 14    Spells: 0/0 levels left

rFire   . . .      SeeInvis .    a - +0 hand axe
rCold   . . .      Faith    .    (no shield)
rNeg    . . .      Spirit   .    b - +0 leather armour
rPois   .          Reflect  .    (no helmet)
rElec   .          Harm     .    (no cloak)
rCorr   .          Rampage  .    (no gloves)
Will    .....                    (no boots)
Stlth   ++                       (no amulet)
HPRegen 0.23/turn                (no ring)
MPRegen 0.07/turn                (no ring)

@: lethally poisoned (0 -> -1)
A: no striking features
a: no special abilities


You were on level 5 of the Dungeon.
You visited 1 branch of the dungeon, and saw 1 of its levels.

Inventory:

Hand Weapons
 a - a +0 hand axe (weapon)
Armour
 b - a +0 leather armour (worn)
Wands
 g - a wand of digging (3)
Scrolls
 c - a scroll of fog
 d - a scroll of magic mapping
 e - a scroll of fear
Potions
 f - a potion of haste


   Skills:
 + Level 3.0 Fighting
 + Level 1.8 Axes
 + Level 0.0 Armour
 + Level 1.8 Dodging
 + Level 4.5 Stealth
 + Level 0.0 Evocations


You couldn't memorise any spells.
You didn't know any spells.
Your spell library was empty.

Dungeon Overview and Level Annotations

Branches:
Dungeon (5/15)
 Temple: D:4-7

Altars:


Message History

The kobold hits you but does no damage.
You closely miss the kobold. You hit the plant.
You hit the plant but do no damage. The kobold closely misses you.
You closely miss the kobold. You hit the plant. x2
A nearby plant withers and dies. x2; The kobold closely misses you.
You barely miss the kobold.
The kobold shouts! x2; You hear a shout!
The kobold shouts!
You hear a shout! x3
A kobold comes into view. It is wielding a +0 dagger.
A kobold comes into view. It is wielding a +0 whip.
The kobold hits you but does no damage.
A kobold comes into view. It is wielding a +0 short sword.
The kobold attacks as you move away! The kobold hits you but does no damage.
The kobold attacks as you move away! The kobold hits you with a +0 dagger.
Something hits the plant.
The plant begins to die.
You hit the plant.
The plant begins to die.
The plant is lightly damaged.
You hit the kobold. You hit the plant.
The plant begins to die.
You hit the plant.
The plant begins to die.
The kobold hits you with a +0 dagger.
A nearby plant withers and dies. x3
The kobold attacks as you move away! The kobold hits you but does no damage.
The kobold attacks as you move away! The kobold hits you with a +0 dagger.
Found 11 gold pieces.
The kobold hits you with a +0 dagger.
You hit the kobold.
You kill the kobold!
The kobold throws a poisoned dart.
The poisoned dart hits you!
You are poisoned.
You feel sick.
You barely miss the kobold.
You feel sick. The kobold barely misses you.
You barely miss the kobold.
You feel sick. The kobold hits you with a +0 club.
You slash the kobold!
You kill the kobold!
You feel sick. The kobold hits you but does no damage.
You hit the kobold but do no damage.
You feel sick. The kobold hits you but does no damage.
You completely miss the kobold. You punch the kobold.
The kobold is moderately wounded.
You feel sick. The kobold hits you with a +0 whip.
You die...

..... ### ....
... ... ..# ...
#..# #.# #..##
#.# # #..###.#
#..$######.....##
#.......@KK....>#
#....#.###K...###
### ... #....#
..#.♣ ###P.P# ##
#♣ #P♣..##
##....# ##P...##
##.♣.♣.# #..K♣P##


You could see 3 kobolds.

Vanquished Creatures
  2 kobolds (D:5)
2 creatures vanquished.

Vanquished Creatures (others)
  15 plants (D:5)
15 creatures vanquished.

Grand Total: 17 creatures vanquished

Notes
Turn   | Place    | Note
-------+----------+-------------------------------------------
     0 | D:5      | flotson the Demonspawn Delver began the quest for the Orb.
     0 | D:5      | Reached XP level 1. HP: 18/18 MP: 1/1
    35 | D:5      | Slain by a kobold

Illustrated notes

Levels and vault maps discovered:
D:5:      kennysheep_kobold_camp, layout_basic,
          mainiacjoe_overflow_cross_hatched, mainiacjoe_overflow_alcove_2

Action                   || total
-------------------------++-------
Melee: Hand axe          ||    11
       Punch             ||     1
Armor: Leather armour    ||     6
Dodge: Dodged            ||     4

Table legend: (Time is in decaauts)
 A = Elapsed time spent in this place.
 B = Non-inter-level travel time spent in this place.
 C = Inter-level travel time spent in this place.
 D = Time resting spent in this place.
 E = Time spent auto-exploring this place.
 F = Levels seen in this place.
 G = Mean time per level.
                   A        B        C        D        E       F      G
               +--------+--------+--------+--------+--------+-----+--------+
         Total |     37 |     37 |      0 |      0 |      8 |   1 |   37.0 |
       Dungeon |     37 |     37 |      0 |      0 |      8 |   1 |   37.0 |
               +--------+--------+--------+--------+--------+-----+--------+

Top non-repeatable levels by time:
     D:5: 37 daAuts
